 Dungeon Crawl Stone Soup version 0.30.1-1-g62c8e00024 (webtiles) character file.

Game seed: 10744427920609226446

1274 Groucho the Ducker (level 8, -2/42 HPs)
             Began as a Spriggan Hunter on July 15, 2023.
             Was a Follower of Qazlal.
             Succumbed to a hornet's poison
             ... while paralysed by a hornet
             ... on level 6 of the Dungeon.
             The game lasted 00:07:47 (4123 turns).

Groucho the Ducker (Spriggan Hunter)                Turns: 4123, Time: 00:07:48

Health: -2/42      AC:  2    Str:  7    XL:     8   Next: 28%
Magic:  12/12      EV:  4    Int: 10    God:    Qazlal [*.....]
Gold:   285        SH:  0    Dex: 21    Spells: 7/7 levels left

rFire   . . .        a - +0 shortbow
rCold   . . .        (shield currently unavailable)
rNeg    . . .        c - +0 robe
rPois   .            (helmet restricted)
rElec   .            (no cloak)
rCorr   .            (gloves unavailable)
SInv    +            (boots unavailable)
Will    +....        (no amulet)
Stlth   ++           (no ring)
HPRegen 0.27/turn    (no ring)
MPRegen 0.13/turn

%: no passive effects
@: paralysed, lethally poisoned (-2 -> -13), slowed, very quick
A: very small, no large weapons, unfitting armour, see invisible, speed 3
a: Renounce Religion


You were on level 6 of the Dungeon.
You worshipped Qazlal.
Qazlal was aware of your devotion.
You visited 1 branch of the dungeon, and saw 6 of its levels.

You collected 285 gold pieces.

Inventory:

Hand Weapons
 a - a +0 shortbow (weapon)
 f - a +2 dagger of holy wrath
 h - a +1 sling of electrocution
Missiles
 t - 3 throwing nets
Armour
 c - a +0 robe (worn)
Jewellery
 k - an amulet of faith
 o - a ring of flight
Wands
 s - a wand of digging (4)
 u - a wand of mindburst (16)
Scrolls
 b - 2 scrolls of immolation
 d - 8 scrolls of identify {unknown}
 g - 3 scrolls of vulnerability {unknown}
 i - 2 scrolls of enchant armour {unknown}
 j - 4 scrolls of teleportation {unknown}
 l - 3 scrolls of poison {unknown}
 m - 3 scrolls of noise {unknown}
 p - a scroll of butterflies {unknown}
 q - a scroll of magic mapping {unknown}
 v - a scroll of fog {unknown}
 y - a scroll of torment {unknown}
 z - a scroll of enchant weapon {unknown}
Potions
 e - a potion of cancellation {unknown}
 n - a potion of mutation {unknown}
 r - 2 potions of curing {unknown}
 w - a potion of brilliance {unknown}
 x - a potion of heal wounds {unknown}


   Skills:
 + Level 4.4 Fighting
 + Level 6.4 Ranged Weapons
 + Level 7.0 Dodging
 - Level 2.8 Stealth
 + Level 4.5 Invocations


You had 7 spell levels left.
You didn't know any spells.
Your spell library contained the following spells:

 Spells                   Type           Power      Damage    Failure   Level
 Ensorcelled Hibernation  Hex/Ice        0%         N/A       50%         2
 Passwall                 Tmut/Erth      0%         N/A       50%         2
 Poisonous Vapours        Pois/Air       0%         N/A       50%         2
 Scorch                   Fire           0%         2d5       50%         2
 Mephitic Cloud           Conj/Pois/Air  0%         N/A       75%         3
 Ozocubu's Armour         Ice            0%         N/A       75%         3
 Swiftness                Air            0%         N/A       75%         3
 Flame Wave               Conj/Fire      0%         2d4       98%         4
 Freezing Cloud           Conj/Ice/Air   0%         6-21      100%        5
 Metabolic Englaciation   Hex/Ice        0%         N/A       100%        5
 Simulacrum               Ice/Necr       0%         N/A       100%        6
 Summon Cactus Giant      Summ           0%         N/A       100%        6


Dungeon Overview and Level Annotations

Branches:
Dungeon (6/15)
 Temple: D:4-7

Altars:
Dithmenos
Makhleb
Qazlal


Innate Abilities, Weirdness & Mutations

You are very small and have problems with some larger weapons.
You are too small for most types of armour.
You have supernaturally acute eyesight. (SInv)
You cover ground extremely quickly. (Speed+++)


Message History

You can move again.
You are too injured to fight recklessly!
You are too injured to fight recklessly!
You are too injured to fight recklessly!
You are too injured to fight recklessly!
Fire: a) +0 shortbow
Press: ? - help, Q - select action, (/) - cycle Shift-Dir - straight line, f/p - hornet
Aim: a hornet (heavily wounded, 55% to hit)
You shoot an arrow. The arrow misses the hornet.
You feel sick.
You are no longer poisoned.
The hornet completely misses you. x2
Unknown command.
Fire: a) +0 shortbow
Press: ? - help, Q - select action, (/) - cycle Shift-Dir - straight line, f/p - hornet
Aim: a hornet (heavily wounded, 55% to hit)
You shoot an arrow. The arrow hits the hornet.
The hornet is severely wounded.
The hornet closely misses you. x2
Unknown command.
Unknown command.
Fire: a) +0 shortbow
Press: ? - help, Q - select action, (/) - cycle Shift-Dir - straight line, f/p - hornet
Aim: a hornet (severely wounded, 55% to hit)
You shoot an arrow. The arrow hits the hornet!
The hornet is almost dead.
You block the hornet's attack.
Unknown command.
Unknown command.
Fire: a) +0 shortbow
Press: ? - help, Q - select action, (/) - cycle Shift-Dir - straight line, f/p - hornet
Aim: a hornet (almost dead, 55% to hit)
You shoot an arrow. The arrow barely misses the hornet.
The hornet stings you!
* * * LOW HITPOINT WARNING * * *
You are lethally poisoned!
You feel yourself slow down. The hornet stings you!
* * * LOW HITPOINT WARNING * * *
You suddenly lose the ability to move!
You die...

####### .......
.##### .......
......##.......
#..y# ###@# .#
#.# ##+#.#
#.### .....#
#...###.....#
###...#.....#
###.#.....# #
#.......#.#
#######......#.
...............


You could see a hornet.

Vanquished Creatures
  Pikel (D:3)
  A lemure (D:4)
  A phantom (D:4)
  4 scorpions
  4 hounds
  A gnoll bouda (D:6)
  A jelly (D:6)
  An iguana (D:5)
  2 orc wizards (D:6)
  8 gnolls
  4 adders
  A white imp (D:6)
  8 worms
  A dart slug (D:2)
  14 orcs
  7 endoplasms
  2 giant cockroaches
  4 goblins
  8 hobgoblins
  15 kobolds
  4 quokkas
  8 ball pythons
  9 bats
  4 frilled lizards
  5 rats
118 creatures vanquished.

Notes
Turn   | Place    | Note
-------+----------+-------------------------------------------
     0 | D:1      | Groucho the Spriggan Hunter began the quest for the Orb.
     0 | D:1      | Reached XP level 1. HP: 10/10 MP: 2/2
   118 | D:1      | Reached skill level 3 in Dodging
   123 | D:1      | Reached XP level 2. HP: 15/15 MP: 3/3
   468 | D:1      | Reached XP level 3. HP: 18/18 MP: 4/4
   597 | D:2      | Found a faded altar of an unknown god.
   933 | D:2      | Reached XP level 4. HP: 23/23 MP: 5/5
  1009 | D:2      | Reached skill level 1 in Invocations
  1957 | D:3      | Found a burning altar of Makhleb.
  1960 | D:3      | Reached skill level 4 in Dodging
  1973 | D:3      | Reached XP level 5. HP: 27/27 MP: 5/7
  2008 | D:3      | Found a stormy altar of Qazlal.
  2015 | D:3      | Became a worshipper of Qazlal Stormbringer
  2155 | D:4      | Noticed a phantom
  2171 | D:4      | Killed a phantom
  2172 | D:4      | Reached skill level 5 in Ranged Weapons
  2172 | D:4      | Reached XP level 6. HP: 32/32 MP: 8/8
  2372 | D:4      | Reached skill level 5 in Dodging
  2497 | D:4      | Noticed Pikel
  2996 | D:3      | Killed Pikel
  2997 | D:3      | Reached skill level 6 in Dodging
  2997 | D:3      | Reached XP level 7. HP: 28/37 MP: 8/10
  3096 | D:5      | Entered Level 5 of the Dungeon
  3297 | D:5      | Reached * piety under Qazlal
  3404 | D:5      | Found a shadowy altar of Dithmenos.
  3463 | D:5      | Reached XP level 8. HP: 42/42 MP: 12/12
  4079 | D:6      | Reached skill level 7 in Dodging
  4107 | D:6      | Noticed a hornet
  4118 | D:6      | Paralysed by a hornet for 1 turns
  4122 | D:6      | HP: 1/42 [hornet (9)]
  4122 | D:6      | Paralysed by a hornet for 3 turns
  4123 | D:6      | Succumbed to a hornet's poison

Illustrated notes

Levels and vault maps discovered:
D:1:      roderic_crossed_star, layout_rooms
D:2:      layout_loops_ring, hellmonk_ecumenical_altar_crossroads,
          minmay_box_of_dots
D:3:      layout_basic, amethyst_overflow_temple_binary, serial_bayou,
          serial_bayou_lake_a, serial_bayou_crossing, serial_bayou_pond_d,
          serial_bayou_shore_b
D:4:      layout_basic, uniq_pikel
D:5:      layout_basic, mainiacjoe_overflow_tiny_flanked
D:6:      minmay_angry_zag, layout_basic, nicolae_uskayaw_dance_hall,
          lemuel_coloured_pillars_altar, mainiacjoe_overflow_alcove_4

Skill      XL: |  1  2  3  4  5  6  7  8 |
---------------+-------------------------+-----
Stealth        | 2 |  2.8
Dodging        | 3 4 6 7 |  7.0
Fighting       | 2 3 4 |  4.4
Invocations    | 1 2 3 4 |  4.5
Ranged Weapons | 5 6 |  6.4

Action                     |  1- 3 |  4- 6 |  7- 9 || total
---------------------------+-------+-------+-------++-------
   Fire: Shortbow          |   113 |   183 |   105 ||   401
 Armour: Robe              |     7 |     2 |     2 ||    11
  Dodge: Dodged            |    13 |    39 |    52 ||   104
  Block: Other             |       |       |     1 ||     1
